 Dungeon Crawl Stone Soup version 0.30-a0-965-g42e074c17a (webtiles) character file.

Game seed: 11855010529471929237

167 porpoise the Sneak (level 5, -1/37 HPs)
             Began as a Gnoll Enchanter on Mar 31, 2023.
             Was an Initiate of Ashenzari.
             Slain by an orc priest
             ... wielding a +0 dagger
              (2 damage)
             ... on level 3 of the Dungeon.
             The game lasted 00:06:48 (2099 turns).

porpoise the Sneak (Gnoll Enchanter)                Turns: 2099, Time: 00:06:48

Health: -1/37      AC:  3    Str:  7    XL:     5   Next: 48%
Magic:  7/12       EV: 13    Int: 17    God:    Ashenzari [......]
Gold:   173        SH:  0    Dex: 12    Spells: 6/14 levels left

rFire   . . .      SeeInvis .    f - +1 dagger
rCold   . . .      Faith    .    (no shield)
rNeg    . . .      Spirit   .    o - +0 robe
rPois   +          Reflect  .    (no helmet)
rElec   .          Rampage  .    (no cloak)
rCorr   .                        q - +0 pair of gloves
Will    .....                    (no boots)
Stlth   +++                      (no amulet)
HPRegen 0.26/turn                d - ring of poison resistance
MPRegen 0.13/turn                (no ring)

@: no status effects
A: fangs 1, strong nose, distributed training
a: Renounce Religion


You were on level 3 of the Dungeon.
You worshipped Ashenzari.
Ashenzari was noncommittal.
You visited 1 branch of the dungeon, and saw 4 of its levels.

You collected 173 gold pieces.

Inventory:

Hand Weapons
 a - a +0 dagger of speed
 f - a +1 dagger (weapon)
Missiles
 p - 5 poisoned darts (quivered)
Armour
 e - a +1 ring mail of poison resistance
 o - a +0 robe (worn)
 q - a +0 pair of gloves (worn)
Jewellery
 d - a ring of poison resistance (left hand)
Scrolls
 h - a scroll of poison
 m - a scroll of teleportation
 r - a scroll of fog {unknown}
 s - a scroll of fear {unknown}
Potions
 b - a potion of ambrosia {unknown}
 c - 2 potions of invisibility
 g - 2 potions of magic {unknown}
 i - 3 potions of curing
 j - a potion of might {unknown}
 k - 2 potions of attraction
 l - a potion of cancellation {unknown}
 n - a potion of heal wounds {unknown}


   Skills:
 + Level 1.6 Fighting
 + Level 3.0 Short Blades
 + Level 1.6 Long Blades
 + Level 1.6 Axes
 + Level 1.6 Maces & Flails
 + Level 1.6 Polearms
 + Level 1.6 Staves
 + Level 1.6 Ranged Weapons
 + Level 1.6 Throwing
 + Level 1.6 Armour
 + Level 4.8 Dodging
 + Level 6.2 Stealth
 + Level 1.6 Shields
 + Level 1.6 Unarmed Combat
 + Level 5.2 Spellcasting
 + Level 1.2 Conjurations
 + Level 5.5 Hexes
 + Level 1.2 Summonings
 + Level 1.2 Necromancy
 + Level 1.2 Translocations
 + Level 1.2 Transmutations
 + Level 1.2 Fire Magic
 + Level 1.2 Ice Magic
 + Level 1.2 Air Magic
 + Level 1.2 Earth Magic
 + Level 1.2 Poison Magic
 + Level 1.8 Invocations
 + Level 1.6 Evocations


You had 6 spell levels left.
You knew the following spells:

 Your Spells              Type           Power      Damage    Failure   Level
a - Confusing Touch       Hex            23%        N/A       4%          3
e - Ensorcelled Hibernat  Hex/Ice        32%        N/A       5%          2
t - Tukima's Dance        Hex            23%        N/A       4%          3

Your spell library contained the following spells:

 Spells                   Type           Power      Damage    Failure   Level
 Dazzling Flash           Conj/Hex       32%        N/A       11%         3
 Ozocubu's Armour         Ice            8%         N/A       24%         3
 Ozocubu's Refrigeration  Ice            4%         4d8       100%        7


Dungeon Overview and Level Annotations

Branches:
Dungeon (4/15)
 Temple: D:4-7

Altars:
Ashenzari
Nemelex Xobeh


Innate Abilities, Weirdness & Mutations

You have very sharp teeth.
Your uncanny sense of smell can sniff out nearby items.
Your experience applies equally to all skills.


Message History

You start resting.
There is a strange disturbance nearby!
Casting: Ensorcelled Hibernation (safe; 5% risk of failure)
Confirm with . or Enter, or press ? or * to list all spells.
Aiming: Ensorcelled Hibernation (safe; 5% risk of failure)
Press: ? - help, Shift-Dir - straight line Nothing appears to happen.
Casting: Ensorcelled Hibernation (safe; 5% risk of failure)
Confirm with . or Enter, or press ? or * to list all spells.
Aiming: Ensorcelled Hibernation (safe; 5% risk of failure)
Press: ? - help, Shift-Dir - straight line, f - orc priest
Aim: an orc priest, wielding a +0 dagger (chance to affect: 50%)
The orc priest looks drowsy...
Something hits you. Something hits you.
The orc priest shouts!
There is an open door, spattered with blood here.
You see here a +0 whip.
You barely miss the orc priest.
You bite the orc priest, but do no damage.
You hear a shout!
The orc priest invokes the aid of Beogh against you.
Beogh smites you!
* * * LOW HITPOINT WARNING * * *
You hear some strange, mumbled words.
A puff of flame appears from out of thin air!
The puff of flame hits you.
* * * LOW HITPOINT WARNING * * *
The orc priest barely misses you. Something hits you.
* * * LOW HITPOINT WARNING * * *
Something hits you but does no damage.
There is a stone staircase leading up here.
You climb upwards.
Reactivating autopickup.
There is a stone staircase leading down here.
Deactivating autopickup; reactivate with Ctrl-A.
You barely miss something. Something hits you.
* * * LOW HITPOINT WARNING * * *
The orc priest hits you with a +0 dagger.
You die...

#.......####
#####.#####.##.#
########.........#.#...
#......#.#.............
#.####.#.#.#...........
#.#.....<..#...........
#.#.##.#.###.......#...
#.#.##o#.####.#######.#
#.....@#......# ####..
##[..###.#########.##..
#...# #...#..#.8#...<.
###.###...#..'.8#.##..
##......#8#..#.8#.###.
#...##..####.####.# ##
#..#....#.......#.####
#..#.#..#.........#...
#.......#..######.#.##


You could see an orc priest.

Vanquished Creatures
  An ogre (D:3)
  5 adders
  A worm (D:2)
  3 dart slugs
  An orc (D:4)
  2 endoplasms (D:3)
  A giant cockroach (D:1)
  3 hobgoblins
  4 jackals (D:1)
  A quokka (D:2)
  4 ball pythons
  3 bats
  3 frilled lizards
  2 kobolds
  A rat (D:3)
35 creatures vanquished.

Notes
Turn   | Place    | Note
-------+----------+-------------------------------------------
     0 | D:1      | porpoise the Gnoll Enchanter began the quest for the Orb.
     0 | D:1      | Reached XP level 1. HP: 13/13 MP: 6/6
   174 | D:1      | Reached XP level 2. HP: 19/19 MP: 7/7
   177 | D:1      | Learned a level 2 spell: Ensorcelled Hibernation
   364 | D:1      | You fall into a shaft and drop 1 floor!
   540 | D:2      | Reached skill level 6 in Stealth
   540 | D:2      | Reached skill level 5 in Spellcasting
   540 | D:2      | Reached XP level 3. HP: 25/25 MP: 3/9
   827 | D:2      | Reached skill level 1 in Invocations
  1138 | D:2      | Reached skill level 1 in Fighting
  1138 | D:2      | Reached skill level 1 in Long Blades
  1138 | D:2      | Reached skill level 1 in Axes
  1138 | D:2      | Reached skill level 1 in Maces & Flails
  1138 | D:2      | Reached skill level 1 in Polearms
  1138 | D:2      | Reached skill level 1 in Staves
  1138 | D:2      | Reached skill level 1 in Ranged Weapons
  1138 | D:2      | Reached skill level 1 in Throwing
  1138 | D:2      | Reached skill level 1 in Armour
  1138 | D:2      | Reached skill level 1 in Shields
  1138 | D:2      | Reached skill level 1 in Unarmed Combat
  1138 | D:2      | Reached skill level 1 in Evocations
  1326 | D:3      | Noticed an ogre
  1332 | D:3      | Killed an ogre
  1333 | D:3      | Reached skill level 1 in Conjurations
  1333 | D:3      | Reached skill level 1 in Summonings
  1333 | D:3      | Reached skill level 1 in Necromancy
  1333 | D:3      | Reached skill level 1 in Translocations
  1333 | D:3      | Reached skill level 1 in Transmutations
  1333 | D:3      | Reached skill level 1 in Fire Magic
  1333 | D:3      | Reached skill level 1 in Ice Magic
  1333 | D:3      | Reached skill level 1 in Air Magic
  1333 | D:3      | Reached skill level 1 in Earth Magic
  1333 | D:3      | Reached skill level 1 in Poison Magic
  1333 | D:3      | Reached XP level 4. HP: 32/32 MP: 6/11
  1333 | D:3      | Reached XP level 5. HP: 37/37 MP: 6/12
  1484 | D:3      | Found a broken altar of Ashenzari.
  1509 | D:3      | Became a worshipper of Ashenzari the Shackled
  1644 | D:3      | Learned a level 3 spell: Confusing Touch
  1648 | D:3      | Learned a level 3 spell: Tukima's Dance
  1920 | D:3      | Found a sparkling altar of Nemelex Xobeh.
  1987 | D:3      | Found a faded altar of an unknown god.
  2099 | D:3      | HP: 1/37 [something (2)]
  2099 | D:3      | Slain by an orc priest

Illustrated notes

Levels and vault maps discovered:
D:1:      dpeg_arrival_arbitrary_c, layout_rooms
D:2:      layout_basic, minmay_crystal_water
D:3:      layout_loops_cross, mainiacjoe_overflow_brackets,
          mainiacjoe_overflow_alcove_1, shapermc_ecumenical_altar_mp_vishouse,
          st_stairs_13
D:4:      minmay_door_path, layout_gridville, serial_co_window_serial,
          co_window_paths_b, co_window_paths_a, co_window_cross_1,
          co_window_corner_a, co_window_paths_b, co_window_of_opportunity_a,
          co_window_corner_a, co_window_2corner, co_window_of_opportunity_b,
          co_window_corner_b, co_window_sun, co_window_4corner_a,
          glass_columns_a, glass_columns_b, glass_columns_a, glass_columns_a

Skill      XL: |  1  2  3  4  5 |
---------------+----------------+-----
Stealth        | 6 |  6.2
Spellcasting   | 5 |  5.2
Invocations    | 1 |  1.8
Fighting       | 1 |  1.6
Long Blades    | 1 |  1.6
Axes           | 1 |  1.6
Maces & Flails | 1 |  1.6
Polearms       | 1 |  1.6
Staves         | 1 |  1.6
Ranged Weapons | 1 |  1.6
Throwing       | 1 |  1.6
Armour         | 1 |  1.6
Shields        | 1 |  1.6
Unarmed Combat | 1 |  1.6
Evocations     | 1 |  1.6
Conjurations   | 1 |  1.2
Summonings     | 1 |  1.2
Necromancy     | 1 |  1.2
Translocations | 1 |  1.2
Transmutations | 1 |  1.2
Fire Magic     | 1 |  1.2
Ice Magic      | 1 |  1.2
Air Magic      | 1 |  1.2
Earth Magic    | 1 |  1.2
Poison Magic   | 1 |  1.2
Short Blades   | 3 |  3.0
Dodging        | |  4.8
Hexes          | |  5.5

Action                     |  1- 3 |  4- 6 || total
---------------------------+-------+-------++-------
  Melee: Dagger            |    62 |    19 ||    81
         Bite              |     3 |     1 ||     4
   Cast: Ensorcelled Hiber |    15 |     9 ||    24
    Use: Scroll            |     4 |       ||     4
   Stab: Sleeping          |    12 |     6 ||    18
         Distracted        |       |     1 ||     1
 Armour: Robe              |     9 |     2 ||    11
  Dodge: Dodged            |    45 |     6 ||    51

Table legend: (Time is in decaauts)
 A = Elapsed time spent in this place.
 B = Non-inter-level travel time spent in this place.
 C = Inter-level travel time spent in this place.
 D = Time resting spent in this place.
 E = Time spent auto-exploring this place.
 F = Levels seen in this place.
 G = Mean time per level.
                   A        B        C        D        E       F      G
               +--------+--------+--------+--------+--------+-----+--------+
         Total |   2090 |   2054 |     36 |    295 |   1323 |   4 |  522.5 |
       Dungeon |   2090 |   2054 |     36 |    295 |   1323 |   4 |  522.5 |
               +--------+--------+--------+--------+--------+-----+--------+

Top non-repeatable levels by time:
     D:2: 895 daAuts
     D:3: 816 daAuts
     D:1: 355 daAuts
     D:4: 22 daAuts
